 Dungeon Crawl Stone Soup version 0.29-a0-902-g0f71de6fce (webtiles) character file.

Game seed: 10770370456587246756

16 Crownlay the Digger (level 2, -3/15 HPs)
             Began as a Gargoyle Earth Elementalist on July 24, 2022.
             Slain by a worm (6 damage)
             ... on level 2 of the Dungeon.
             The game lasted 00:01:02 (836 turns).

Crownlay the Digger (Gargoyle Earth Elementalist)    Turns: 836, Time: 00:01:03

Health: -3/15      AC:  5    Str: 11    XL:     2   Next: 58%
Magic:  1/5        EV: 11    Int: 15    God:
Gold:   62         SH:  0    Dex: 10    Spells: 5/6 levels left

rFire   . . .      SeeInvis .   c - +0 dagger
rCold   . . .      Faith    .   (no shield)
rNeg    + . .      Spirit   .   a - +0 robe
rPois   ∞          Reflect  .   f - +0 helmet
rElec   +          Harm     .   (no cloak)
rCorr   .          Rampage  .   (no gloves)
Will    .....                   (no boots)
Stlth   ++........              (no amulet)
HPRegen 0.05/turn               (no ring)
MPRegen 0.09/turn               (no ring)

@: no status effects
A: sickness immunity, AC +2, negative energy resistance 1, electricity
resistance, torment resistance 1, petrification resistance
a: no special abilities


You were on level 2 of the Dungeon.
You visited 1 branch of the dungeon, and saw 2 of its levels.

You collected 62 gold pieces.

Inventory:

Hand Weapons
 c - a +0 dagger (weapon)
Armour
 a - a +0 robe (worn)
 f - a +0 helmet (worn)
Scrolls
 d - a scroll of identify {unknown}
 e - a scroll of fear {unknown}
 i - a scroll of magic mapping {unknown}
Potions
 b - a potion of magic
 g - a potion of haste {unknown}
 h - a potion of degeneration {unknown}
 j - a potion of curing {unknown}


   Skills:
 - Level 1.5 Dodging
 - Level 2.1 Stealth
 * Level 2.6 Spellcasting
 - Level 0.7 Transmutations
 + Level 4.0 Earth Magic


You had 5 spell levels left.
You knew the following spells:

 Your Spells              Type           Power      Damage    Failure   Level
a - Sandblast             Erth           28%        2d8       4%          1

Your spell library contained the following spells:

 Spells                   Type           Power      Damage    Failure   Level
 Passwall                 Tmut/Erth      7%         N/A       12%         2
 Stone Arrow              Conj/Erth      16%        3d8       26%         3
 Petrify                  Tmut/Erth      9%         N/A       61%         4


Dungeon Overview and Level Annotations

Branches:
Dungeon (2/15)

Altars:

Shops:
D:1 [


Innate Abilities, Weirdness & Mutations

You are immune to sickness and miasma.
Your stone body is resilient. (AC +2)
You are immune to poison.
You resist negative energy. (rN+)
You are resistant to electric shocks. (rElec)
You are resistant to unholy torment.
You are immune to petrification.


Message History

You now have 53 gold pieces (gained 9).
A goblin comes into view. It is wielding a +0 club.
A goblin is nearby!
Found a leather armour.
The goblin shouts!
The blast of sand misses the goblin.
The goblin closely misses you. The goblin misses you.
The blast of sand misses the goblin.
The goblin closely misses you. The goblin hits you with a +0 club.
The blast of sand hits the goblin.
You kill the goblin!
You can't see any susceptible monsters within range! (Use Z to cast anyway.) HP restored.
You now have 62 gold pieces (gained 9).
A frilled lizard comes into view.
A frilled lizard is nearby!
A worm comes into view.
You see here a +3 ring mail.
The blast of sand hits the worm.
The worm is moderately wounded.
The frilled lizard hisses angrily.
The blast of sand hits the worm.
The worm is moderately wounded.
The frilled lizard barely misses you.
The blast of sand hits the worm!
The worm is severely wounded.
The frilled lizard bites you. The worm bites you!
Ouch! That really hurt!
* * * LOW HITPOINT WARNING * * *
The frilled lizard barely misses you.
You are too injured to fight recklessly!
Casting: Sandblast (safe; 4% risk of failure)
Confirm with . or Enter, or press ? or * to list all spells.
Aiming: Sandblast (safe; 4% risk of failure)
Press: ? - help, Shift-Dir - straight line, f/p - worm
Aim: a worm (severely wounded, 93% to hit)
The blast of sand hits the worm.
The worm is almost dead.
The worm bites you.
You die...

.. ..#... .#
♣.♣#♣<#.###.#.# ♣.
............#.# .P
♣.♣.♣.......#.# .♣♣
.......<....#.# .P♣
.......)....#.# .P♣
............#.##♣.♣###
#......†....#....w...#
#.###.......#...@l...#
#♣.♣...##...............
.........♣♣♣♣♣.......###
.♣.♣....♣PP.♣♣♣......#
.............P♣......#
.♣)♣...#♣..P♣.♣#######
.......##♣♣♣♣♣# .♣.♣...#
.......#


You could see a worm and a frilled lizard.

Vanquished Creatures
  A dart slug (D:1)
  2 endoplasms
  A giant cockroach (D:1)
  5 goblins
  2 ball pythons
  2 bats
  A frilled lizard (D:1)
14 creatures vanquished.

Notes
Turn   | Place    | Note
-------+----------+-------------------------------------------
     0 | D:1      | Crownlay the Gargoyle Earth Elementalist began the quest
                  | for the Orb.
     0 | D:1      | Reached XP level 1. HP: 10/10 MP: 3/3
   244 | D:1      | Reached XP level 2. HP: 15/15 MP: 1/5
   362 | D:1      | Found Nyewoeh's Antique Armour Shop.
   413 | D:1      | Found a faded altar of an unknown god.
   718 | D:2      | Reached skill level 4 in Earth Magic
   836 | D:2      | Slain by a worm

Illustrated notes

Levels and vault maps discovered:
D:1:      shiori_shiawase, layout_basic, dreamdust_ecumenical_altar_statues,
          serial_shops, nicolae_shop_hallway_stairs
D:2:      mumra_celtic_spiral_tile, layout_basic, serial_forest,
          infiniplex_forest_clump_tiny, infiniplex_forest_end_1,
          infiniplex_forest_straight_4, infiniplex_forest_straight_2,
          infiniplex_forest_lined_room_2, infiniplex_forest_lined_corner,
          infiniplex_forest_end_3, infiniplex_forest_zigzag_2

Skill      XL: |  1  2 |
---------------+-------+-----
Earth Magic    | 4 |  4.0
Dodging        | |  1.5
Stealth        | |  2.1
Spellcasting   | |  2.6
Transmutations | |  0.7

Action                   || total
-------------------------++-------
Melee: Dagger            ||     1
 Cast: Sandblast         ||    23
Armor: Robe              ||     5
Dodge: Dodged            ||    12

Table legend: (Time is in decaauts)
 A = Elapsed time spent in this place.
 B = Non-inter-level travel time spent in this place.
 C = Inter-level travel time spent in this place.
 D = Time resting spent in this place.
 E = Time spent auto-exploring this place.
 F = Levels seen in this place.
 G = Mean time per level.
                   A        B        C        D        E       F      G
               +--------+--------+--------+--------+--------+-----+--------+
         Total |    857 |    850 |      7 |      0 |    731 |   2 |  428.5 |
       Dungeon |    857 |    850 |      7 |      0 |    731 |   2 |  428.5 |
               +--------+--------+--------+--------+--------+-----+--------+

Top non-repeatable levels by time:
     D:1: 723 daAuts
     D:2: 133 daAuts
